 Dungeon Crawl Stone Soup version 0.23.2-33-g5129a83184 (webtiles) character file.

Game seed: 3407794101560614020

2443 louis the Vexing (level 9, -1/66 HPs)
             Began as a Demonspawn Enchanter on July 23, 2019.
             Was a Follower of Makhleb.
             Slain by an adder skeleton (2 damage)
             ... on level 8 of the Dungeon.
             The game lasted 00:34:36 (9241 turns).

louis the Vexing (Demonspawn Enchanter)             Turns: 9241, Time: 00:34:37

Health: -1/66      AC: -4    Str: 15    XL:     9   Next: 25%
Magic:  0/19       EV: 13    Int: 16    God:    Makhleb [*.....]
Gold:   354        SH:  0    Dex: 17    Spells: 5/19 levels left

rFire    + . .     SeeInvis .   o - +2 short sword (venom)
rCold    . . .     Gourm    .   (no shield)
rNeg     . . .     Faith    .   b - +0 robe
rPois    .         Spirit   +   (no helmet)
rElec    .         Reflect  .   f - +2 cloak
rCorr    .         Harm     .   j - +0 pair of gloves
MR       .....     Clarity  +   (no boots)
Stlth    ++++......             (no amulet)
HPRegen  0.21/turn              q - +2 ring of protection
MPRegen  0.16/turn              t - ring of fire

@: corroded
A: claws 1, thin skeletal structure 2, clarity, cold resistance 1, high mp 1,
strong 1, magic shield, freezing cloud immunity
a: Renounce Religion


You were on level 8 of the Dungeon.
You worshipped Makhleb.
Makhleb was aware of your devotion.
You were hungry.

You visited 2 branches of the dungeon, and saw 10 of its levels.

You collected 354 gold pieces.

Inventory:

Hand Weapons
 a - a +1 dagger
 g - a +1 dagger of speed
 k - a +0 blowgun
 o - a +2 short sword of venom (weapon)
Missiles
 e - 99 stones (quivered)
 l - 25 poisoned needles
Armour
 b - a +0 robe (worn)
 f - a +2 cloak (worn)
 j - a +0 pair of gloves (worn)
 s - a scarf of spirit shield
Jewellery
 q - a +2 ring of protection (left hand)
 t - a ring of fire (right hand)
Wands
 n - a wand of digging (7)
 p - a wand of flame (23)
 v - a wand of enslavement (4)
 y - a wand of iceblast (12)
Scrolls
 c - a scroll of amnesia
 h - 3 scrolls of remove curse
 m - 2 scrolls of teleportation
 r - 4 scrolls of identify
 u - a scroll of magic mapping
Potions
 i - 2 potions of resistance {unknown}
 w - a potion of brilliance {unknown}
Comestibles
 d - 6 rations
 x - 7 chunks of flesh


   Skills:
 * Level 4.6 Fighting
 + Level 4.2 Short Blades
 + Level 0.2 Throwing
 + Level 3.0 Dodging
 + Level 4.6 Stealth
 * Level 5.7 Spellcasting
 * Level 2.6 Conjurations
 * Level 6.5 Hexes
 - Level 2.4 Necromancy
 - Level 1.1 Ice Magic


You had 5 spell levels left.
You knew the following spells:

 Your Spells              Type           Power        Failure   Level  Hunger
a - Corona                Hex            ####...      1%          1    None
b - Ensorcelled Hibernat  Hex/Ice        ###...       4%          2    #......
c - Confuse               Hex            ####....     3%          3    ##.....
d - Tukima's Dance        Hex            ####....     3%          3    ##.....
e - Confusing Touch       Hex            ####..       1%          1    None
f - Animate Skeleton      Necr           N/A          5%          1    None
g - Dazzling Spray        Conj/Hex       ###...       6%          3    ##.....

Your spell library contained the following spells:

 Spells                   Type           Power        Failure   Level  Hunger
 Apportation              Tloc           #.....       14%         1    None
 Summon Small Mammal      Summ           #...         14%         1    None


Dungeon Overview and Level Annotations

Branches:
Dungeon (9/15)             Temple (1/1) D:6
   Lair: D:8-11         Orc: D:9-12

Altars:
Ashenzari
Cheibriados
Elyvilon
Fedhas
Gozag
Hepliaklqana
Kikubaaqudgha
Makhleb
Nemelex Xobeh
Okawaru
Qazlal
Ru
Sif Muna
Uskayaw
Vehumet
Xom
Yredelemnul
Zin
The Shining One


Innate Abilities, Weirdness & Mutations

You have sharp fingernails.
You have a moderately thin skeletal structure. (Dex +4, Stealth+)
Your flesh is cold resistant. (rC+)
When hurt, damage is shared between your health and your magic reserves.
You are immune to freezing clouds.
You possess an exceptional clarity of mind.
You have an increased reservoir of magic. (+10% MP)
Your muscles are strong. (Str +2)


Message History

The adder skeleton barely misses you.
You are feeling hungry.
You hit the jelly but do no damage.
Your hands burn!
* * * LOW HITPOINT WARNING * * *
The jelly is severely wounded.
The jelly barely misses you. The adder skeleton barely misses you.
You barely miss the jelly.
The jelly is almost dead.
The jelly barely misses you. The adder skeleton bites you.
* * * LOW HITPOINT WARNING * * *
You hit the jelly but do no damage.
The jelly looks as sick as possible!
Your hands burn!
* * * LOW HITPOINT WARNING * * *
The jelly is almost dead.
The jelly hits you.
* * * LOW HITPOINT WARNING * * *
The acid corrodes you!
You are splashed with acid!
* * * LOW HITPOINT WARNING * * *
The adder skeleton bites you.
You die...

#≈≈≈#................ ≈
#..Z.............
##...............
###.............
#.............
#.............
#########.............
#...........).........
#...Z@................
####...).J...............
........)................
......)).................
.........................
.....................[...
.........................
.........................
.........................


You could see a jelly and an adder skeleton.

Vanquished Creatures
  A hippogriff (D:7)
  Sigmund (D:5)
  An ice beast (D:8)
  A phantom (D:4)
  An orc warrior (D:6)
  2 ogres
  3 centaurs
  4 bullfrogs
  2 scorpions
  3 howler monkeys
  A hound (D:7)
  A centaur skeleton (D:7)
  4 orc priests
  Crazy Yiuf (D:3)
  A jelly (D:7)
  7 orc wizards
  3 bullfrog skeletons
  An iguana (D:4)
  6 worker ants
  A hound zombie (D:7)
  A hound skeleton (D:5)
  A howler monkey zombie (D:7)
  6 adders
  A howler monkey skeleton (D:6)
  2 oozes
  An adder skeleton (D:5)
  3 worms
  3 dart slugs
  5 leopard geckos
  32 orcs
  5 ball pythons
  8 giant cockroaches
  10 goblins
  7 hobgoblins
  8 jackals
  4 quokkas
  11 bats
  4 frilled lizards
  15 kobolds
  4 rats
176 creatures vanquished.

Vanquished Creatures (collateral kills)
  An orc priest (D:7)
  A howler monkey skeleton (D:8)
2 creatures vanquished.

Vanquished Creatures (others)
  A dancing weapon (D:7)
  An adder (D:8)
2 creatures vanquished.

Grand Total: 180 creatures vanquished

Notes
Turn   | Place    | Note
-------+----------+-------------------------------------------
     0 | D:1      | louis the Demonspawn Enchanter began the quest for the Orb.
     0 | D:1      | Reached XP level 1. HP: 13/13 MP: 3/3
   416 | D:1      | Reached skill level 1 in Short Blades
   620 | D:1      | Gained mutation: You have a somewhat thin skeletal
                  | structure. (Dex +2, Stealth) [demonic ancestry]
   620 | D:1      | Reached XP level 2. HP: 16/19 MP: 3/5
   749 | D:1      | Learned a level 2 spell: Ensorcelled Hibernation
   992 | D:1      | Reached XP level 3. HP: 25/25 MP: 2/6
  1706 | D:2      | Reached XP level 4. HP: 31/31 MP: 8/8
  2627 | D:3      | Reached skill level 1 in Fighting
  2644 | D:3      | Learned a level 3 spell: Confuse
  2979 | D:3      | Found a white marble altar of Elyvilon.
  3121 | D:3      | Found a faded altar of an unknown god.
  3716 | D:3      | Found a runed translucent door.
  3717 | D:3      | Noticed Crazy Yiuf
  3908 | D:3      | Gained mutation: You possess an exceptional clarity of
                  | mind. [potion of mutation]
  3908 | D:3      | Gained mutation: Your muscles are strong. (Str +2) [potion
                  | of mutation]
  3908 | D:3      | Gained mutation: You have an increased reservoir of magic.
                  | (+10% MP) [potion of mutation]
  4095 | D:3      | Killed Crazy Yiuf
  4095 | D:3      | Reached skill level 4 in Hexes
  4095 | D:3      | Gained mutation: When hurt, damage is shared between your
                  | health and your magic reserves. [demonic ancestry]
  4095 | D:3      | Reached XP level 5. HP: 21/37 MP: 10/10
  4323 | D:4      | Learned a level 3 spell: Tukima's Dance
  4560 | D:4      | Learned a level 1 spell: Confusing Touch
  4800 | D:4      | Gained mutation: You have a moderately thin skeletal
                  | structure. (Dex +4, Stealth+) [demonic ancestry]
  4800 | D:4      | Reached XP level 6. HP: 26/44 MP: 6/12
  4964 | D:4      | Learned a level 1 spell: Animate Skeleton
  5578 | D:4      | Found a radiant altar of Vehumet.
  5720 | D:5      | Entered Level 5 of the Dungeon
  5824 | D:4      | Reached skill level 5 in Hexes
  5824 | D:4      | Gained mutation: You have sharp fingernails. [demonic
                  | ancestry]
  5824 | D:4      | Reached XP level 7. HP: 27/51 MP: 2/14
  6211 | D:5      | Noticed Sigmund
  6218 | D:5      | Killed Sigmund
  6218 | D:5      | Reached skill level 1 in Necromancy
  6218 | D:5      | Reached skill level 1 in Ice Magic
  6522 | D:5      | Gained mutation: Your flesh is cold resistant. (rC+)
                  | [demonic ancestry]
  6522 | D:5      | Reached XP level 8. HP: 58/58 MP: 14/16
  6596 | D:6      | Learned a level 3 spell: Dazzling Spray
  7342 | D:6      | Found a snail-covered altar of Cheibriados.
  7343 | D:6      | Found a shattered altar of Ashenzari.
  7386 | D:6      | Found a staircase to the Ecumenical Temple.
  7420 | Temple   | Entered the Ecumenical Temple
  7655 | Temple   | Became a worshipper of Makhleb the Destroyer
  7832 | D:6      | Reached skill level 1 in Conjurations
  7852 | D:6      | Reached skill level 5 in Spellcasting
  7854 | D:6      | Reached skill level 6 in Hexes
  8403 | D:7      | Noticed a hippogriff
  8409 | D:7      | Killed a hippogriff
  8447 | D:7      | Gained mutation: You are immune to freezing clouds.
                  | [demonic ancestry]
  8447 | D:7      | Reached XP level 9. HP: 64/66 MP: 18/18
  8474 | D:7      | You fall through a shaft for 2 floors!
  8502 | D:9      | Reached * piety under Makhleb
  9241 | D:8      | HP: 1/66 [acid (8)]
  9241 | D:8      | Slain by an adder skeleton

Skill      XL: |  1  2  3  4  5  6  7  8  9 |
---------------+----------------------------+-----
Short Blades   | 1 2 3 4 |  4.2
Dodging        | 2 3 |  3.0
Fighting       | 1 2 3 4 |  4.6
Stealth        | 3 4 |  4.6
Spellcasting   | 3 4 5 |  5.7
Hexes          | 4 5 6 |  6.5
Necromancy     | 2 |  2.4
Ice Magic      | 1 |  1.1
Conjurations   | 2 |  2.6
Throwing       | |  0.2

Action                   |  1- 3 |  4- 6 |  7- 9 || total
-------------------------+-------+-------+-------++-------
Melee: Dagger            |   150 |    36 |       ||   186
       Short sword       |       |   146 |   259 ||   405
Throw: Stone             |     3 |    13 |     6 ||    22
 Cast: Corona            |    17 |    21 |     9 ||    47
       Ensorcelled Hiber |     5 |    25 |    30 ||    60
       Confuse           |       |     6 |       ||     6
       Confusing Touch   |       |     2 |     3 ||     5
       Dazzling Spray    |       |       |    17 ||    17
       Animate Skeleton  |       |       |     9 ||     9
       Tukima's Dance    |       |       |     4 ||     4
  Use: Scroll            |     1 |    10 |     4 ||    15
       Potion            |       |     6 |       ||     6
 Stab: Sleeping          |    13 |    21 |    22 ||    56
       Confused          |       |     1 |     1 ||     2
       Invisible         |       |       |     4 ||     4
       Distracted        |       |       |     1 ||     1
  Eat: Chunk             |     3 |     1 |     3 ||     7
       Ration            |       |     4 |     3 ||     7
Armor: Robe              |    21 |    23 |    59 ||   103
Dodge: Dodged            |    83 |   109 |   136 ||   328
